 Dungeon Crawl Stone Soup version 0.24.0-13-gcf9b319 (webtiles) character file.

Game seed: 11354305718981767158, levelgen mode: deterministic

9264 Boetheseconed the Spear-Bearer (level 11, -8/89 HPs)
             Began as a Gnoll Chaos Knight on Nov 26, 2019.
             Was a Plaything of Xom.
             Mangled by a komodo dragon (12 damage)
             ... on level 10 of the Dungeon.
             The game lasted 01:14:27 (9405 turns).

Boetheseconed the Spear-Bearer (Gnoll Chaos Knight) Turns: 9405, Time: 01:14:28

Health: -8/89      AC: 14    Str: 19    XL:     11   Next: 43%
Magic:  20/20      EV: 21    Int: 14    God:    Xom [...*..]
Gold:   518        SH:  0    Dex: 21    Spells: 22/22 levels left

rFire    + . .     SeeInvis .   a - +1 spear (chaos)
rCold    + . .     Gourm    .   (no shield)
rNeg     . . .     Faith    +   o - +1 chain mail {MR+}
rPois    .         Spirit   .   (no helmet)
rElec    .         Reflect  .   G - +0 cloak
rCorr    .         Harm     .   (no gloves)
MR       +....     Clarity  +   M - +0 pair of boots
Stlth    ++........             s - amulet of faith
HPRegen  0.24/turn              l - ring of protection from fire
MPRegen  0.17/turn              J - +4 ring of evasion

@: agile, about to teleport
A: distributed training, fangs 2, talons 2, blurry vision 1, clarity, cold
resistance 1, strong 1, strong nose
a: Renounce Religion


You were on level 10 of the Dungeon.
You worshipped Xom.
You were a favourite toy of Xom.
You were hungry.

You visited 3 branches of the dungeon, and saw 12 of its levels.

You collected 518 gold pieces.

Inventory:

Hand Weapons
 a - a +1 spear of chaos (weapon)
 d - a +6 dire flail of holy wrath
 e - a +5 hand axe
Missiles
 q - 2 boomerangs (quivered)
Armour
 b - a +2 leather armour
 h - a +0 plate armour
 i - a +0 chain mail
 o - a +1 chain mail of magic resistance (worn)
 G - a +0 cloak (worn)
 M - a +0 pair of boots (worn)
Jewellery
 f - an uncursed ring of protection from cold
 l - a ring of protection from fire (left hand)
 m - an uncursed ring of fire
 r - an uncursed ring of protection from cold
 s - an amulet of faith (around neck)
 D - an uncursed ring of poison resistance
 J - a +4 ring of evasion (right hand)
 O - an uncursed ring of flight
Wands
 g - a wand of flame (13)
 y - a wand of random effects (59)
 F - a wand of acid (9)
 I - a wand of disintegration (17)
 L - a wand of polymorph (2)
 Q - a wand of digging (5)
Scrolls
 n - 2 scrolls of magic mapping
 v - 4 scrolls of remove curse
 w - 5 scrolls of fog
 x - 3 scrolls of teleportation
 A - a scroll of amnesia
 B - 2 scrolls of enchant armour
 H - a scroll of immolation
 K - a scroll of blinking {unknown}
 N - 3 scrolls of summoning {unknown}
 P - 2 scrolls of identify
Potions
 j - a potion of cancellation
 k - a potion of agility
 p - 2 potions of brilliance {unknown}
 t - a potion of degeneration
 u - 3 potions of might {unknown}
 z - a potion of flight {unknown}
 C - 2 potions of haste {unknown}
 E - a potion of magic
 R - a potion of berserk rage {unknown}
Comestibles
 c - 24 rations


   Skills:
 + Level 9.1 Fighting
 + Level 6.2 Short Blades
 + Level 6.2 Long Blades
 + Level 6.2 Axes
 + Level 6.2 Maces & Flails
 + Level 9.1 Polearms
 + Level 6.2 Staves
 + Level 6.2 Slings
 + Level 6.2 Bows
 + Level 6.2 Crossbows
 + Level 6.2 Throwing
 + Level 7.8 Armour
 + Level 6.7 Dodging
 + Level 6.2 Stealth
 + Level 6.2 Shields
 + Level 6.2 Unarmed Combat
 + Level 6.2 Spellcasting
 + Level 5.1 Conjurations
 + Level 5.1 Hexes
 + Level 5.1 Charms
 + Level 5.1 Summonings
 + Level 5.1 Necromancy
 + Level 5.1 Translocations
 + Level 5.1 Transmutations
 + Level 5.1 Fire Magic
 + Level 5.1 Ice Magic
 + Level 5.1 Air Magic
 + Level 5.1 Earth Magic
 + Level 5.1 Poison Magic
 + Level 6.8 Invocations
 + Level 6.2 Evocations


You had 22 spell levels left.
You didn't know any spells.
Your spell library was empty.

Dungeon Overview and Level Annotations

Branches:
Dungeon (10/15)            Temple (1/1) D:5            Lair (1/6) D:10
    Orc: D:9-12

Altars:
Ashenzari
Cheibriados
Dithmenos
Elyvilon
Fedhas
Gozag
Hepliaklqana
Kikubaaqudgha
Makhleb
Nemelex Xobeh
Okawaru
Qazlal
Ru
Sif Muna
Trog
Uskayaw
Wu Jian
Xom
Yredelemnul
Zin
The Shining One

Shops:
D:6 =


Innate Abilities, Weirdness & Mutations

Your experience applies equally to all skills.
You have extremely sharp teeth.
Your uncanny sense of smell can sniff out nearby items.
You have razor-sharp toenails.
Scrolls take you a little longer to read.
You possess an exceptional clarity of mind.
Your flesh is cold resistant. (rC+)
Your muscles are strong. (Str +2)


Message History

It was a scroll of immolation.
The porcupine bites you but does no damage.
You climb upwards.
Welcome back to the Dungeon!
There is a staircase to the Lair here.
The komodo dragon bites you.
* * * LOW HITPOINT WARNING * * *
You begin reading the scroll.
You continue reading the scroll.
The porcupine bites you!
* * * LOW HITPOINT WARNING * * *
The porcupine barely misses you.
As you read the scroll of teleportation, it crumbles to dust.
You feel strangely unstable.
You feel agile all of a sudden.
The komodo dragon bites you but does no damage.
The porcupine barely misses you.
Your chain mail prevents you from hitting the komodo dragon.
The komodo dragon is lightly wounded.
The porcupine closely misses you. The komodo dragon bites you!
You die...
Xom roars with laughter!

#.######## #.# #.# #.#
#.# #.# #### #.# #.#
#... #.# #.# #...
#.##### ###.# #.##
#..<..# #...# #.#
#####.# ### #.### #.#
#.# #@###.# #.# #.#
#lr...# ##.# #.#
#####(# #####..# #.#
#.# #......#
#.#######.####.###.##
#.##............##.###
#.##..###.##.#........
####(##..#
#.##.#..##.###
#.)..##..#
#.......##...#


You could see a komodo dragon (inner flame) and a porcupine (inner flame).

Vanquished Creatures
  4 two-headed ogres
  A deep elf mage (D:9)
  Maurice (D:10)
  Psyche (D:9)
  A troll (D:10)
  A hippogriff (D:7)
  A wyvern (D:10)
  5 yaks (D:10)
  Grum (D:10)
  2 hogs
  Edmund (D:4)
  A hornet zombie (D:8)
  An ice beast (D:5)
  A black bear (shapeshifter) (D:10)
  2 orc warriors
  5 ogres
  3 wolves (D:10)
  A centaur (D:10)
  2 crocodiles
  A big kobold (D:10)
  2 bullfrogs
  Blork the orc (D:6)
  2 wyvern skeletons
  3 scorpions
  3 killer bees (D:8)
  3 wights (D:8)
  An electric eel (D:9)
  2 howler monkeys
  4 crimson imps
  A centaur zombie (D:8)
  2 bullfrog zombies
  2 jellies
  3 orc priests
  A bullfrog skeleton (D:4)
  4 hounds
  2 centaur skeletons
  2 iguanas
  6 orc wizards
  6 worker ants
  A hound zombie (D:9)
  2 hound skeletons
  A worker ant zombie (D:5)
  2 gnolls (D:8)
  A river rat (D:8)
  16 adders
  2 shadow imps
  3 oozes
  An adder zombie (D:7)
  2 adder skeletons
  3 worms
  6 leopard geckos
  24 orcs
  4 bats
  5 giant cockroaches
  5 hobgoblins
  6 jackals
  2 quokkas
  2 ball pythons
  6 frilled lizards
  8 goblins
  15 kobolds
  A leopard gecko skeleton (D:6)
  A quokka skeleton (D:9)
  A quokka zombie (D:5)
  6 rats
  A spectral orc (D:6)
213 creatures vanquished.

Vanquished Creatures (collateral kills)
  A hog (D:7)
1 creature vanquished.

Vanquished Creatures (others)
  A hog (D:7)
  A human (D:7)
  A jackal (D:5)
3 creatures vanquished.

Grand Total: 217 creatures vanquished

Notes
Turn   | Place    | Note
-------+----------+-------------------------------------------
     0 | D:1      | Boetheseconed the Gnoll Chaos Knight began the quest for
                  | the Orb.
     0 | D:1      | Reached XP level 1. HP: 23/23 MP: 1/1
   210 | D:1      | Reached XP level 2. HP: 19/29 MP: 2/2
   229 | D:1      | XOM: harmless Necr miscast
   365 | D:1      | XOM: harmless Air miscast
   813 | D:2      | Found a glowing golden altar of the Shining One.
   836 | D:2      | Reached XP level 3. HP: 35/35 MP: 3/3
   925 | D:2      | XOM: harmless Conj miscast
   927 | D:2      | Reached skill level 1 in Invocations
  1090 | D:2      | Reached skill level 1 in Short Blades
  1090 | D:2      | Reached skill level 1 in Long Blades
  1090 | D:2      | Reached skill level 1 in Axes
  1090 | D:2      | Reached skill level 1 in Maces & Flails
  1090 | D:2      | Reached skill level 1 in Staves
  1090 | D:2      | Reached skill level 1 in Slings
  1090 | D:2      | Reached skill level 1 in Bows
  1090 | D:2      | Reached skill level 1 in Crossbows
  1090 | D:2      | Reached skill level 1 in Throwing
  1090 | D:2      | Reached skill level 1 in Stealth
  1090 | D:2      | Reached skill level 1 in Shields
  1090 | D:2      | Reached skill level 1 in Unarmed Combat
  1090 | D:2      | Reached skill level 1 in Spellcasting
  1090 | D:2      | Reached skill level 1 in Evocations
  1181 | D:2      | Reached XP level 4. HP: 36/41 MP: 5/5
  1511 | D:2      | XOM: stat loss: -1 Int (13/14)
  1637 | D:3      | Found a burning altar of Makhleb.
  1701 | D:3      | XOM: harmless Necr miscast
  1702 | D:3      | XOM: swap monsters
  1708 | D:3      | Reached skill level 1 in Conjurations
  1708 | D:3      | Reached skill level 1 in Hexes
  1708 | D:3      | Reached skill level 1 in Charms
  1708 | D:3      | Reached skill level 1 in Summonings
  1708 | D:3      | Reached skill level 1 in Necromancy
  1708 | D:3      | Reached skill level 1 in Translocations
  1708 | D:3      | Reached skill level 1 in Transmutations
  1708 | D:3      | Reached skill level 1 in Fire Magic
  1708 | D:3      | Reached skill level 1 in Ice Magic
  1708 | D:3      | Reached skill level 1 in Air Magic
  1708 | D:3      | Reached skill level 1 in Earth Magic
  1708 | D:3      | Reached skill level 1 in Poison Magic
  1930 | D:3      | Found a hide-covered altar of Uskayaw.
  1946 | D:3      | Reached XP level 5. HP: 47/47 MP: 6/6
  1969 | D:3      | XOM: summons 4 hostile shadow creatures
  1976 | D:3      | XOM: smoke on damage
  1983 | D:3      | XOM: summons 3 hostile shadow creatures
  2392 | D:4      | XOM: mild Chrm miscast
  2443 | D:4      | Noticed an ogre
  2468 | D:4      | Noticed an ogre
  2475 | D:4      | Killed an ogre
  2475 | D:4      | Reached XP level 6. HP: 32/53 MP: 8/8
  2503 | D:4      | XOM: swap monsters
  2542 | D:4      | Found a bloodstained altar of Trog.
  2596 | D:4      | Reached skill level 5 in Armour
  2623 | D:4      | Noticed an orc warrior
  2633 | D:4      | XOM: divination: detect items
  2670 | D:4      | XOM: cast spell 'Olgreb's Toxic Radiance'
  2672 | D:4      | HP: 2/53 [something (14)]
  2676 | D:4      | Reached XP level 7. HP: 10/59 MP: 10/10
  2706 | D:4      | Noticed Edmund
  2730 | D:4      | Killed Edmund
  2733 | D:4      | XOM: harmless Summ miscast
  2822 | D:4      | XOM: divination: detect creatures
  2991 | D:5      | Entered Level 5 of the Dungeon
  3031 | D:5      | Found a staircase to the Ecumenical Temple.
  3054 | Temple   | Entered the Ecumenical Temple
  3365 | D:5      | XOM: potion effect (might)
  3404 | D:5      | XOM: potion effect (might)
  3409 | D:5      | XOM: enchant monster (good)
  3411 | D:5      | XOM: enchant monster (good)
  3412 | D:5      | Reached XP level 8. HP: 67/67 MP: 12/12
  3431 | D:5      | XOM: summons 1 hostile demon
  3496 | D:5      | XOM: mild Summ miscast
  3568 | D:5      | XOM: enchant monster (good)
  3572 | D:5      | XOM: noise
  3577 | D:5      | XOM: medium Chrm miscast
  3656 | D:5      | XOM: summons 2 hostile demons
  4124 | D:5      | XOM: polymorph adder -> kobold
  4507 | D:6      | Noticed Blork the orc
  4527 | D:6      | Killed Blork the orc
  4740 | D:6      | Found a basalt altar of Yredelemnul.
  4802 | D:6      | XOM: mild Summ miscast
  4902 | D:6      | Found Goleoqeym's Jewellery Emporium.
  5008 | D:6      | XOM: give mutations
  5008 | D:6      | Gained mutation: Scrolls take you a little longer to read.
                  | [Xom's mischief]
  5008 | D:6      | Gained mutation: You have extremely sharp teeth. [Xom's
                  | mischief]
  5162 | D:7      | Noticed a hippogriff
  5164 | D:7      | XOM: summons friendly white imp
  5182 | D:7      | Killed a hippogriff
  5182 | D:7      | Reached XP level 9. HP: 31/72 MP: 14/14
  5459 | D:7      | Found a hazy altar of Hepliaklqana.
  5571 | D:7      | Found a shadowy altar of Dithmenos.
  5577 | D:7      | Found a shattered altar of Ashenzari.
  5856 | D:7      | XOM: cast spell 'Summon Butterflies'
  5858 | D:7      | XOM: mild Tmut miscast
  5886 | D:7      | XOM: cast spell 'Olgreb's Toxic Radiance'
  5889 | D:7      | XOM: summons 3 friendly demons
  5902 | D:7      | XOM: scenery: 1 doors close
  6201 | D:7      | XOM: divine lightning
  6342 | D:7      | XOM: scenery: 2 doors open, 2 doors close
  6348 | D:7      | Found a sparkling altar of Nemelex Xobeh.
  6349 | D:7      | XOM: give mutations
  6349 | D:7      | Gained mutation: You have sharp toenails. [Xom's grace]
  6349 | D:7      | Gained mutation: You possess an exceptional clarity of
                  | mind. [Xom's grace]
  6620 | D:7      | XOM: scenery: 3 doors open, 1 doors close
  6713 | D:6      | XOM: cloud trail
  6756 | D:6      | XOM: give mutations
  6756 | D:6      | Gained mutation: You have razor-sharp toenails. [Xom's
                  | grace]
  6756 | D:6      | Gained mutation: Your flesh is cold resistant. (rC+) [Xom's
                  | grace]
  6756 | D:6      | Gained mutation: Your muscles are strong. (Str +2) [Xom's
                  | grace]
  6803 | D:8      | XOM: enchant monster (good)
  6828 | D:8      | Noticed a two-headed ogre
  6830 | D:8      | XOM: cast spell 'Statue Form'
  6833 | D:8      | Reached skill level 5 in Dodging
  6836 | D:8      | XOM: enchant monster (good)
  6844 | D:8      | Killed a two-headed ogre
  6844 | D:8      | Reached skill level 5 in Invocations
  6885 | D:8      | XOM: polymorph worker ant -> river rat
  6889 | D:8      | XOM: confuse monster(s)
  6906 | D:8      | XOM: 2-stop teleportation journey
  7035 | D:8      | XOM: potion effect (brilliance)
  7126 | D:8      | XOM: confuse monster(s)
  7133 | D:8      | Reached XP level 10. HP: 80/80 MP: 17/17
  7134 | D:8      | XOM: cloud trail
  7214 | D:8      | XOM: god gift: ration
  7257 | D:8      | XOM: smoke on damage
  7337 | D:8      | XOM: scenery: create altars
  7369 | D:8      | Found an iron altar of Okawaru.
  7375 | D:8      | XOM: scenery: create altars
  7750 | D:9      | Noticed Psyche
  7766 | D:9      | Killed Psyche
  7766 | D:9      | Reached skill level 5 in Short Blades
  7766 | D:9      | Reached skill level 5 in Long Blades
  7766 | D:9      | Reached skill level 5 in Axes
  7766 | D:9      | Reached skill level 5 in Maces & Flails
  7766 | D:9      | Reached skill level 5 in Staves
  7766 | D:9      | Reached skill level 5 in Slings
  7766 | D:9      | Reached skill level 5 in Bows
  7766 | D:9      | Reached skill level 5 in Crossbows
  7766 | D:9      | Reached skill level 5 in Throwing
  7766 | D:9      | Reached skill level 5 in Stealth
  7766 | D:9      | Reached skill level 5 in Shields
  7766 | D:9      | Reached skill level 5 in Unarmed Combat
  7766 | D:9      | Reached skill level 5 in Spellcasting
  7766 | D:9      | Reached skill level 5 in Evocations
  7851 | D:9      | Found a shimmering blue altar of Sif Muna.
  7910 | D:9      | Noticed a two-headed ogre
  7913 | D:9      | XOM: potion effect (haste)
  7915 | D:9      | XOM: potion effect (might)
  7919 | D:9      | Killed a two-headed ogre
  8128 | D:9      | XOM: god gift: 49 gold pieces
  8207 | D:9      | Noticed a deep elf mage
  8210 | D:9      | Killed a deep elf mage
  8473 | D:9      | XOM: cloud trail
  8553 | D:10     | Entered Level 10 of the Dungeon
  8563 | D:10     | Noticed Joseph
  8582 | D:10     | Joseph changed into Joseph the shapeshifter
  8585 | D:10     | XOM: summons friendly white imp
  8633 | D:10     | XOM: cast spell 'Statue Form'
  8646 | D:10     | Noticed Grum
  8658 | D:10     | XOM: potion effect (agility)
  8659 | D:10     | XOM: cast spell 'Olgreb's Toxic Radiance'
  8666 | D:10     | XOM: divination: detect creatures
  8669 | D:10     | Noticed a two-headed ogre
  8671 | D:10     | XOM: harmless Fire miscast
  8674 | D:10     | Reached XP level 11. HP: 87/87 MP: 19/19
  8676 | D:10     | XOM: potion effect (curing)
  8676 | D:10     | Killed Grum
  8682 | D:10     | XOM: divination: detect items
  8685 | D:10     | Killed a two-headed ogre
  8734 | D:10     | XOM: divination: detect items
  8745 | D:10     | XOM: harmless Hex miscast
  8770 | D:10     | XOM: harmless Erth miscast
  8797 | D:10     | Noticed Maurice
  8803 | D:10     | XOM: potion effect (haste)
  8825 | D:10     | Killed Maurice
  8862 | D:10     | Reached skill level 5 in Conjurations
  8862 | D:10     | Reached skill level 5 in Hexes
  8862 | D:10     | Reached skill level 5 in Charms
  8862 | D:10     | Reached skill level 5 in Summonings
  8862 | D:10     | Reached skill level 5 in Necromancy
  8862 | D:10     | Reached skill level 5 in Translocations
  8862 | D:10     | Reached skill level 5 in Transmutations
  8862 | D:10     | Reached skill level 5 in Fire Magic
  8862 | D:10     | Reached skill level 5 in Ice Magic
  8862 | D:10     | Reached skill level 5 in Air Magic
  8862 | D:10     | Reached skill level 5 in Earth Magic
  8862 | D:10     | Reached skill level 5 in Poison Magic
  8887 | D:10     | XOM: cast spell 'Olgreb's Toxic Radiance'
  8889 | D:10     | Noticed a two-headed ogre
  8893 | D:10     | XOM: divination: detect creatures
  8900 | D:10     | Killed a two-headed ogre
  8931 | D:10     | XOM: harmless Fire miscast
  9040 | D:10     | XOM: mild Tmut miscast
  9069 | D:10     | XOM: divination: detect items
  9257 | D:10     | Found a staircase to the Lair.
  9382 | D:10     | XOM: divination: detect creatures
  9391 | Lair:1   | Entered Level 1 of the Lair of Beasts
  9403 | D:10     | HP: 4/89 [porcupine (8)]
  9405 | D:10     | Mangled by a komodo dragon

Levels and vault maps discovered:
D:1:      minmay_arrival_widening_spiral_narrow, layout_loops_ring,
          nrook_loot_triangle
D:2:      lemuel_upstairs_altar, layout_basic, lemuel_crystal_altar,
          first_ration, lightli_corner_chamber
D:3:      layout_loops_ring, nicolae_overflow_hidden_temple,
          lemuel_doored_altar, eat_drink_and_be_merry_uskayaw, serial_forest,
          infiniplex_forest_straight_4, infiniplex_forest_clump_small,
          infiniplex_forest_lined_3, infiniplex_forest_corner_2,
          infiniplex_forest_straight_5, infiniplex_forest_clump_C,
          infiniplex_forest_lined_2, infiniplex_forest_straight_2,
          minmay_misc_feat_chi, chequers_avenue,
          minmay_fractal_squares_gapless_5
D:4:      layout_rooms, trog_butcher_becter, uniq_edmund
D:5:      layout_gridville, minmay_temple_entry_statues_fountains,
          portal_sewer_entry_d
D:6:      layout_loops_cross, yredelemnul_forgotten_temple_becter, serial_shops,
          shop, uniq_blork_the_orc
D:7:      layout_gridville, marbit_many_paths, minitemple, grunt_livestock,
          nemelex_dance_club_becter
D:8:      layout_basic, okawaru_altar_gauntlet_db
D:9:      statuecave_lemuel, layout_loops_corners, tgw_sif,
          guppyfry_early_elven_hall, uniq_psyche
D:10:     layout_loops_ring, lair_entry_dummy, uniq_grum, uniq_joseph,
          uniq_maurice
Temple:   oiseaux_autumnal_temple
Lair:1:   layout_roguey, serial_bayou_shore_b, infiniplex_staircase_pool,
          serial_bayou_shore_a

Skill      XL: |  1  2  3  4  5  6  7  8  9 10 11 |
---------------+----------------------------------+-----
Invocations    | 1 2 3 4 5 6 |  6.8
Short Blades   | 1 2 3 4 5 6 |  6.2
Long Blades    | 1 2 3 4 5 6 |  6.2
Axes           | 1 2 3 4 5 6 |  6.2
Maces & Flails | 1 2 3 4 5 6 |  6.2
Staves         | 1 2 3 4 5 6 |  6.2
Slings         | 1 2 3 4 5 6 |  6.2
Bows           | 1 2 3 4 5 6 |  6.2
Crossbows      | 1 2 3 4 5 6 |  6.2
Throwing       | 1 2 3 4 5 6 |  6.2
Stealth        | 1 2 3 4 5 6 |  6.2
Shields        | 1 2 3 4 5 6 |  6.2
Unarmed Combat | 1 2 3 4 5 6 |  6.2
Spellcasting   | 1 2 3 4 5 6 |  6.2
Evocations     | 1 2 3 4 5 6 |  6.2
Conjurations   | 1 2 3 4 5 |  5.1
Hexes          | 1 2 3 4 5 |  5.1
Charms         | 1 2 3 4 5 |  5.1
Summonings     | 1 2 3 4 5 |  5.1
Necromancy     | 1 2 3 4 5 |  5.1
Translocations | 1 2 3 4 5 |  5.1
Transmutations | 1 2 3 4 5 |  5.1
Fire Magic     | 1 2 3 4 5 |  5.1
Ice Magic      | 1 2 3 4 5 |  5.1
Air Magic      | 1 2 3 4 5 |  5.1
Earth Magic    | 1 2 3 4 5 |  5.1
Poison Magic   | 1 2 3 4 5 |  5.1
Dodging        | 3 4 5 6 |  6.7
Armour         | 5 6 7 |  7.8
Fighting       | 7 8 9 |  9.1
Polearms       | 7 8 9 |  9.1

Action                   |  1- 3 |  4- 6 |  7- 9 | 10-12 || total
-------------------------+-------+-------+-------+-------++-------
Melee: Spear             |    74 |   211 |   430 |   327 ||  1042
       Bite              |     5 |    18 |    43 |    37 ||   103
       Kick              |       |       |    26 |    64 ||    90
       Punch             |       |       |     4 |     8 ||    12
Throw: Throwing net      |       |     1 |       |       ||     1
       Boomerang         |       |       |    10 |    50 ||    60
  Use: Scroll            |       |     7 |    11 |     2 ||    20
       Potion            |       |     4 |     3 |     1 ||     8
 Stab: Confused          |       |     3 |     6 |     5 ||    14
       Held in net/web   |       |     1 |       |       ||     1
       Paralysed         |       |       |     5 |     7 ||    12
       Petrifying        |       |       |     4 |     1 ||     5
       Petrified         |       |       |     9 |     5 ||    14
  Eat: Chunk             |     1 |     5 |     7 |     7 ||    20
       Ration            |       |       |     2 |       ||     2
Armor: Leather armour    |     8 |       |       |       ||     8
       Chain mail        |    15 |    84 |   147 |    55 ||   301
       Skin              |       |    16 |    25 |    12 ||    53
Dodge: Dodged            |    13 |    52 |   134 |   136 ||   335
